 Dungeon Sprint DCSS version 0.31-a0-95-g6fa058ef04 (webtiles) character file.

Game seed: 13750515893124897469

581 sircluck the Unseen (level 7, -13/44 HPs)
             Began as a Kobold Brigand on May 25, 2023.
             Was a Believer of Dithmenos.
             Killed from afar by a burning bush (16 damage)
             ... with a puff of flame
             ... in the Dungeon (Sprint IV: "Fedhas' Mad Dash").
             The game lasted 00:02:15 (491 turns).

sircluck the Unseen (Kobold Brigand)                 Turns: 491, Time: 00:02:16

Health: -13/44     AC:  3    Str:  8    XL:     7   Next: 63%
Magic:  7/7        EV: 16    Int: 13    God:    Dithmenos [**....]
Gold:   137        SH:  0    Dex: 18    Spells: 6/6 levels left

rFire   . . .        a - +2 dagger
rCold   . . .        (no shield)
rNeg    . . .        b - +0 robe
rPois   .            (no helmet)
rElec   .            c - +0 cloak
rCorr   .            (no gloves)
SInv    .            (no boots)
Will    .....        j - amulet of invisibility {+Inv}
Stlth   ++++++++++   (no ring)
HPRegen 0.27/turn    (no ring)
MPRegen 0.10/turn

%: no teleportation
@: lethally poisoned (-13 -> -18), wreathed by umbra
A: small, no large weapons, nightstalker 3
a: Renounce Religion, Evoke Invisibility, Shadow Step


You were in the Dungeon.
You worshipped Dithmenos.
Dithmenos was pleased with you.
You visited 1 branch You collected 137 gold pieces.

Inventory:

Hand Weapons
 a - a +2 dagger (weapon)
Missiles
 d - 9 poisoned darts (quivered)
 e - 3 curare-tipped darts
Armour
 b - a +0 robe (worn)
 c - a +0 cloak (worn)
Jewellery
 j - the amulet of invisibility (around neck) {+Inv}
   (You found it in the Dungeon)

   [amulet of nothing]

   +Inv:      It lets you turn invisible.
Potions
 h - a potion of haste
 i - 2 potions of magic
 l - 2 potions of enlightenment {unknown}


   Skills:
 + Level 5.1 Fighting
 + Level 7.7 Short Blades
 + Level 5.2 Throwing
 + Level 4.1 Dodging
 + Level 17.9 Stealth


You had 6 spell levels left.
You didn't know any spells.
Your spell library was empty.

Dungeon Overview and Level Annotations

Branches:
Dungeon (1/1)

Altars:
Cheibriados
Dithmenos
Elyvilon
Gozag
Hepliaklqana
Kikubaaqudgha
Makhleb
Nemelex Xobeh
Okawaru
Qazlal
Ru
Sif Muna
Trog
Uskayaw
Vehumet
Wu Jian
Xom
Yredelemnul
Zin
The Shining One
Jiyva
Lugonu

Shops:
D =(


Innate Abilities, Weirdness & Mutations

You are small and have problems with some larger weapons.
You are completely attuned to the shadows.


Message History

The scorpion stings you.
You hit the scorpion but do no damage.
The scorpion is almost dead.
You hit the scorpion.
The scorpion is almost dead.
The scorpion stings you.
You are poisoned.
The scorpion poisons you!
You hit the scorpion but do no damage.
The scorpion is almost dead.
You feel sick. The scorpion stings you.
You closely miss the scorpion.
The scorpion is almost dead.
You feel sick. The scorpion completely misses you.
You closely miss the scorpion.
The scorpion is almost dead.
You feel sick. The scorpion misses you.
You barely miss the scorpion.
The scorpion is almost dead.
You feel sick. The scorpion stings you.
* * * LOW HITPOINT WARNING * * *
You are lethally poisoned!
The scorpion poisons you!
Unknown command.
You hit the scorpion.
You kill the scorpion!
Dithmenos accepts your kill.
You can now step into the shadows of nearby creatures.
* * * LOW HITPOINT WARNING * * *
You feel sick.
Your Dodging skill increases to level 4!
* * * LOW HITPOINT WARNING * * *
You feel very sick.
There is an open door here.
You see here a scorpion corpse.
* * * LOW HITPOINT WARNING * * *
You feel sick. The burning bush throws fire at you. The puff of flame hits you!
You die...

######################
._._._.⌠.#..†...#....#
_._._._..'..#...#...P+
._)_._...#..###'##.[[#
_._._._..#..##∩∩@†..f#
._._._.⌠.#############
##########


You could see a wandering mushroom and a burning bush.

Vanquished Creatures
  A wandering mushroom (D)
  3 scorpions (D)
  4 oklob saplings (D)
  2 spriggans (D)
  A river rat (D)
  A rat (D)
12 creatures vanquished.

Notes
Turn   | Place    | Note
-------+----------+-------------------------------------------
     0 | D        | sircluck the Kobold Brigand began the quest for the Orb.
     0 | D        | Reached XP level 1. HP: 12/12 MP: 1/1
    11 | D        | Reached skill level 7 in Stealth
    11 | D        | Reached XP level 2. HP: 18/18 MP: 2/2
    16 | D        | Noticed an oklob sapling
    18 | D        | Killed an oklob sapling
    19 | D        | Reached skill level 9 in Stealth
    19 | D        | Reached XP level 3. HP: 22/22 MP: 3/3
    21 | D        | Noticed a scorpion
    21 | D        | Found the amulet of invisibility {+Inv}
    27 | D        | Killed a scorpion
    28 | D        | Reached skill level 11 in Stealth
    28 | D        | Reached XP level 4. HP: 28/28 MP: 4/4
    77 | D        | HP: 1/28 [oklob sapling/splash of acid (27)]
    95 | D        | Reached skill level 5 in Short Blades
    95 | D        | Reached skill level 12 in Stealth
    95 | D        | Reached XP level 5. HP: 4/32 MP: 5/5
   204 | D        | Found an opulent altar of Gozag.
   204 | D        | Found a sacrificial altar of Ru.
   205 | D        | Found a burning altar of Makhleb.
   205 | D        | Found an ornate altar of the Wu Jian Council.
   205 | D        | Found a shimmering altar of Xom.
   206 | D        | Found a hazy altar of Hepliaklqana.
   206 | D        | Found a shimmering blue altar of Sif Muna.
   207 | D        | Found a sparkling altar of Nemelex Xobeh.
   207 | D        | Found a snail-covered altar of Cheibriados.
   207 | D        | Found a basalt altar of Yredelemnul.
   208 | D        | Found a viscous altar of Jiyva.
   208 | D        | Found a bloodstained altar of Trog.
   209 | D        | Found an iron altar of Okawaru.
   209 | D        | Found a shadowy altar of Dithmenos.
   209 | D        | Found a glowing silver altar of Zin.
   210 | D        | Found an ancient bone altar of Kikubaaqudgha.
   210 | D        | Found a hide-covered altar of Uskayaw.
   211 | D        | Found a stormy altar of Qazlal.
   211 | D        | Found a glowing golden altar of the Shining One.
   211 | D        | Found a white marble altar of Elyvilon.
   213 | D        | Reached skill level 13 in Stealth
   213 | D        | Found a radiant altar of Vehumet.
   213 | D        | Found a corrupted altar of Lugonu.
   217 | D        | Became a worshipper of Dithmenos the Shadowed
   254 | D        | Reached skill level 14 in Stealth
   254 | D        | Reached XP level 6. HP: 38/38 MP: 6/6
   276 | D        | Reached skill level 15 in Stealth
   294 | D        | Reached * piety under Dithmenos
   444 | D        | Found Nidwuipa's Weapon Shop.
   444 | D        | Found Ygyazaith's Jewellery Emporium.
   459 | D        | Noticed a burning bush
   459 | D        | Noticed a wandering mushroom
   460 | D        | Noticed a wandering mushroom
   462 | D        | Killed a wandering mushroom
   463 | D        | Reached skill level 5 in Fighting
   463 | D        | Reached skill level 5 in Throwing
   463 | D        | Reached skill level 17 in Stealth
   463 | D        | Reached XP level 7. HP: 44/44 MP: 7/7
   489 | D        | Reached ** piety under Dithmenos
   491 | D        | Killed from afar by a burning bush

Illustrated notes

Levels and vault maps discovered:
D:        dungeon_sprint_fedhas [sprint_temple]

Skill      XL: |  1  2  3  4  5  6  7 |
---------------+----------------------+-----
Short Blades   | 3 4 5 6 7 |  7.7
Stealth        | 7 9 11 12 14 17 | 17.9
Fighting       | 3 5 |  5.1
Throwing       | 3 4 5 |  5.2
Dodging        | 2 3 4 |  4.1

Action                     |  1- 3 |  4- 6 |  7- 9 || total
---------------------------+-------+-------+-------++-------
  Melee: Dagger            |     7 |    53 |    23 ||    83
         Punch             |       |     1 |     1 ||     2
  Throw: Dart              |       |     3 |       ||     3
    Use: Potion            |     1 |     2 |       ||     3
         Scroll            |       |     1 |       ||     1
   Stab: Sleeping          |     3 |     3 |       ||     6
 Armour: Robe              |     1 |     1 |       ||     2
  Dodge: Dodged            |     3 |    25 |    12 ||    40

Table legend: (Time is in decaauts)
 A = Elapsed time spent in this place.
 B = Non-inter-level travel time spent in this place.
 C = Inter-level travel time spent in this place.
 D = Time resting spent in this place.
 E = Time spent auto-exploring this place.
 F = Levels seen in this place.
 G = Mean time per level.
                   A        B        C        D        E       F      G
               +--------+--------+--------+--------+--------+-----+--------+
         Total |    474 |    474 |      0 |    238 |      0 |   1 |  474.0 |
       Dungeon |    474 |    474 |      0 |    238 |      0 |   1 |  474.0 |
               +--------+--------+--------+--------+--------+-----+--------+

Top non-repeatable levels by time:
       D: 474 daAuts
